Map: Neon Violet Square LE

Players

axu

  • Race: Protoss Protoss
  • League: Platinum
  • Spawn Location: 11:00

Sasha - Winner!

  • Race: Zerg Zerg
  • League: Platinum
  • Spawn Location: 5:00

VOD

Have the link to the VOD?

Description

Time

  • Played on: Dec. 27, 2017, 10:54 a.m.
  • Length: 3:58
Show
View Real Time Build Order
Export as new Build Order

axu Protoss 

Build Orders: 1 Gate Expand 

Get SALT Encoding   

  12  0:01  Probe  
  13  0:13  Probe  
  14  0:24  Pylon  
  14  0:25  Probe  
  15  0:42  Probe  
  16  0:52  Gateway  
  16  0:54  Probe  
  17  1:02  Assimilator  
  17  1:06  Probe  
  18  1:18  Probe  
  19  1:31  Nexus  
  19  1:41  Cybernetics Core  
  19  1:42  Probe  
  20  1:54  Assimilator  
  20  1:55  Pylon  
  20  2:02  Probe  
  21  2:14  Zealot (Chrono Boost)  
  23  2:22  Probe  
  24  2:34  Pylon  
  24  2:37  Gateway  
  25  2:44  Probe x2  
  26  2:56  Probe x2  
  28  2:59  Gateway  
  28  3:08  Probe x2  
  30  3:13  Twilight Council  
  30  3:20  Probe x2  
Show
View Real Time Build Order
Export as new Build Order

Sasha Zerg - Winner!

Build Orders: Hatch First 

Get SALT Encoding   

  12  0:01  Drone  
  13  0:10  Drone  
  14  0:30  Overlord  
  14  0:43  Extractor  
  14  0:45  Drone  
  14  0:56  Drone  
  15  0:59  Hatchery  
  14  1:10  Spawning Pool  
  13  1:15  Drone  
  14  1:21  Drone  
  15  1:33  Overlord  
  15  1:58  Roach Warren  
  14  2:10  Queen  
  16  2:16  Drone  
  16  2:21  Spine Crawler  
  16  2:24  Drone  
  16  2:25  Spine Crawler  
  16  2:30  Drone  
  17  2:39  Roach  
  17  2:41  Roach  
  21  2:47  Roach  
  23  2:56  Roach  
  25  3:01  Roach  
  27  3:12  Roach  
  29  3:30  Roach  
Tags
 
Add a new tag
Caveats
  • Supply blocks, unpowered buildings, or Contaminate may cause inaccurate times.
  • Supply counts are checked every 10 seconds.